 Dungeon Crawl Stone Soup version 0.31-a0-1144-g99969ba1bc (webtiles) character file.

Game seed: 4583916512021392923

1848152 Flugkiller the Evocator (level 26, 254/254 HPs)
             Began as an Octopode Shapeshifter on Dec 7, 2023.
             Was an Initiate of Gozag.
             Escaped with the Orb
             ... and 3 runes!
             The game lasted 01:35:25 (53927 turns).

Flugkiller the Evocator (Octopode Shapeshifter)    Turns: 53927, Time: 01:35:26

Health: 254/254    AC: 34    Str: 24    XL:     26   Next: 12%
Magic:  23/23      EV: 53    Int: 20    God:    Gozag
Gold:   8982       SH: 26    Dex: 53    Spells: 25/25 levels left

rFire   + .          .
                       - Unarmed
rCold   + . .        W - +5 kite shield {rC+}
rNeg    + . .        F - +0 hat "Seramol" {Contam Dex+7}
rPois   ∞            E - amulet of regeneration
rElec   +            X - +6 ring of dexterity
rCorr   .            u - +6 ring of dexterity
SInv    .            L - ring "Befueh" {rElec Str+8 Int+6 Stlth+}
Will    ++++.        O - +6 ring of dexterity
Stlth   +++          P - +6 ring of dexterity
HPRegen 1.42/turn    R - +6 ring of dexterity
MPRegen 0.18/turn    C - ring of the Okapi {rElec rF+ Will+++ Dex-3 Slay+4}
                     Y - +4 ring of protection

%: no passive effects
@: statue-form, studying Maces & Flails, very slow
A: slow and powerful, torment resistance 1, boosted hp, almost no armour,
amphibious, 8 rings, camouflage 1, (gelatinous body 1), (nimble swimmer 1),
tentacles
0: Orb of Zot
}: 3/15 runes: decaying, silver, gossamer
a: Begin Untransformation, Renounce Religion, Potion Petition, Call Merchant,
Bribe Branch


You escaped.
You worshipped Gozag.
Gozag was greatly pleased with you.
You were a living statue of rough stone.
You visited 9 branches of the dungeon, and saw 45 of its levels.
You also visited: Ice Cave and Desolation.

You collected 27770 gold pieces.
You spent 6378 gold pieces at shops.
You paid 12410 gold pieces to Gozag.

Inventory:

Hand Weapons
 I - the +10 scimitar of Nuusa {pain, rElec rF- Will+ Int+5}
   (You found it on level 1 of the Realm of Zot)

   Int+5:     It affects your intelligence (+5).
   rF-:       It makes you vulnerable to fire.
   rElec:     It insulates you from electricity.
   Will+:     It increases your willpower.
Missiles
 l - 19 curare-tipped darts (quivered)
Armour
 F - the +0 hat "Seramol" (worn) {Contam Dex+7}
   (You found it on level 7 of the Dungeon)

   Dex+7:     It affects your dexterity (+7).
   Contam:    It causes magical contamination when unequipped.
 W - a +5 kite shield of cold resistance (worn)
   (You bought it in a shop on level 15 of the Dungeon)
Jewellery
 c - a ring of protection from cold
   (You found it on level 2 of the Lair of Beasts)
 o - the ring "Ucoohoan" {rF+ Will+ Int+6 Dex+2}
   (You found it in the Desolation of Salt)

   [ring of intelligence]

   Int+6:     It affects your intelligence (+6).
   Dex+2:     It affects your dexterity (+2).
   rF+:       It protects you from fire.
   Will+:     It increases your willpower.
 p - a +4 ring of protection
   (You found it on level 3 of the Depths)
 u - a +6 ring of dexterity (right tentacle)
   (You bought it in a shop on level 9 of the Dungeon)
 C - the ring of the Okapi (on tentacle) {rElec rF+ Will+++ Dex-3 Slay+4}
   (You acquired it on level 5 of the Vaults)

   [ring of protection from fire]

   Dex-3:     It affects your dexterity (-3).
   Slay+4:    It affects your accuracy & damage with ranged weapons and melee
   (+4).
   rF+:       It protects you from fire.
   rElec:     It insulates you from electricity.
   Will+++:   It greatly increases your willpower.
 E - an amulet of regeneration (around mantle)
   (You bought it in a shop on level 9 of the Dungeon)
 L - the ring "Befueh" (on tentacle) {rElec Str+8 Int+6 Stlth+}
   (You found it on level 2 of the Vaults)

   [ring of intelligence]

   Str+8:     It affects your strength (+8).
   Int+6:     It affects your intelligence (+6).
   rElec:     It insulates you from electricity.
   Stlth+:    It makes you more stealthy.
 O - a +6 ring of dexterity (on tentacle)
   (You bought it in a shop on level 9 of the Dungeon)
 P - a +6 ring of dexterity (on tentacle)
   (You found it on level 3 of the Lair of Beasts)
 R - a +6 ring of dexterity (on tentacle)
   (You found it on level 2 of the Vaults)
 X - a +6 ring of dexterity (left tentacle)
   (You bought it in a shop on level 15 of the Dungeon)
 Y - a +4 ring of protection (on tentacle)
   (You bought it in a shop on level 15 of the Dungeon)
Talismans
 v - a granite talisman (active)
   (You found it on level 3 of the Vaults)
Wands
 m - a wand of paralysis (50)
   (You found it on level 4 of the Dungeon)
 D - a wand of roots (34)
   (You found it in an ice cave)
 H - a wand of mindburst (22)
   (You found it on level 4 of the Vaults)
 J - a wand of digging (9)
   (You found it on level 2 of the Lair of Beasts)
 S - a wand of acid (21)
   (You found it on level 13 of the Dungeon)
Scrolls
 e - 18 scrolls of fog
 f - 7 scrolls of poison
 g - 2 scrolls of revelation
 t - 13 scrolls of teleportation
 x - 6 scrolls of vulnerability
 y - 3 scrolls of fear
 z - 3 scrolls of blinking
 A - 2 scrolls of immolation
 B - 2 scrolls of summoning
 U - a scroll of silence
Potions
 a - 2 potions of cancellation
 b - 4 potions of invisibility
 d - 11 potions of might
 h - 7 potions of haste
 i - 5 potions of enlightenment
 n - 3 potions of resistance
 q - 13 potions of curing
 r - 9 potions of ambrosia
 s - 2 potions of magic
 w - 8 potions of heal wounds
 K - a potion of berserk rage
 T - 3 potions of mutation
Miscellaneous
 k - a phantom mirror
   (You found it on level 2 of the Swamp)
 G - a condenser vane
   (You found it in an ice cave)
 M - a box of beasts
   (You found it on level 1 of the Vaults)
 Q - a lightning rod (4/4)
   (You found it on level 2 of the Swamp)


   Skills:
 - Level 20.0 Fighting
 - Level 20.0 Dodging
 - Level 4.0 Stealth
 - Level 14.0 Shields
 - Level 22.0 Unarmed Combat
 + Level 23.9 Evocations
 - Level 19.0 Shapeshifting


You had 25 spell levels left.
You didn't know any spells.
Your spell library contained the following spells:

 Spells                   Type           Power      Damage    Failure   Level
 Foxfire                  Conj/Fire      0%         2x1d4     28%         1
 Kiss of Death            Conj/Necr      0%         2d5       28%         1
 Magic Dart               Conj           0%         1d3       28%         1
 Necrotise                Necr           0%         1d4       28%         1
 Shock                    Conj/Air       0%         1d3       28%         1
 Slow                     Hex            0%         N/A       28%         1
 Sting                    Tmut/Pois      0%         1d3       28%         1
 Blink                    Tloc           0%         N/A       41%         2
 Lesser Beckoning         Tloc           0%         N/A       41%         2
 Momentum Strike          Conj/Tloc      0%         3d8       41%         2
 Passwall                 Tmut/Erth      0%         N/A       41%         2
 Poisonous Vapours        Pois/Air       0%         N/A       41%         2
 Scorch                   Fire           0%         2d5       41%         2
 Searing Ray              Conj           0%         2d4       41%         2
 Call Canine Familiar     Summ           0%         N/A       65%         3
 Confusing Touch          Hex            0%         N/A       65%         3
 Dazzling Flash           Conj/Hex       0%         N/A       65%         3
 Gell's Gravitas          Tloc           0%         N/A       65%         3
 Inner Flame              Hex/Fire       0%         N/A       65%         3
 Mephitic Cloud           Conj/Pois/Air  0%         N/A       65%         3
 Ozocubu's Armour         Ice            0%         N/A       65%         3
 Sigil of Binding         Hex            0%         N/A       65%         3
 Stone Arrow              Conj/Erth      0%         3d7       65%         3
 Summon Guardian Golem    Hex/Summ       0%         N/A       65%         3
 Swiftness                Air            0%         N/A       65%         3
 Teleport Other           Tloc           0%         N/A       65%         3
 Tukima's Dance           Hex            0%         N/A       65%         3
 Vampiric Draining        Necr           0%         2d6       65%         3
 Volatile Blastmotes      Fire/Tloc      0%         2d10      65%         3
 Airstrike                Air            0%         2d(0-16)  96%         4
 Dimensional Bullseye     Hex/Tloc       0%         N/A       96%         4
 Dispel Undead            Necr           0%         3d6       96%         4
 Flame Wave               Conj/Fire      0%         2d4       96%         4
 Fulminant Prism          Conj/Hex       0%         3d5       96%         4
 Iskenderun's Mystic Bla  Conj/Tloc      0%         2d3       96%         4
 Leda's Liquefaction      Hex/Erth       0%         N/A       96%         4
 Manifold Assault         Tloc           0%         N/A       96%         4
 Olgreb's Toxic Radiance  Pois           0%         N/A       96%         4
 Sticky Flame             Conj/Fire      0%         2d3       96%         4
 Summon Ice Beast         Ice/Summ       0%         N/A       96%         4
 Vhi's Electric Charge    Tloc/Air       0%         N/A       96%         4
 Agony                    Necr           0%         N/A       100%        5
 Alistair's Intoxication  Tmut/Pois      0%         N/A       100%        5
 Arcjolt                  Conj/Air       0%         1d10      100%        5
 Borgnjor's Vile Clutch   Necr/Erth      0%         N/A       100%        5
 Freezing Cloud           Conj/Ice/Air   0%         6-21      100%        5
 Iskenderun's Battlesphe  Conj           0%         2d6       100%        5
 Summon Forest            Summ/Tloc      0%         N/A       100%        5
 Summon Mana Viper        Hex/Summ       0%         N/A       100%        5
 Bombard                  Conj/Erth      0%         9d1       100%        6
 Death Channel            Necr           0%         N/A       100%        6
 Dispersal                Tloc           0%         N/A       100%        6
 Eringya's Noxious Bog    Tmut/Pois      0%         4d6       100%        6
 Plasma Beam              Fire/Air       0%         2x1d10    100%        6
 Starburst                Conj/Fire      0%         6d3       100%        6
 Summon Cactus Giant      Summ           0%         N/A       100%        6
 Haunt                    Necr/Summ      0%         N/A       100%        7
 Malign Gateway           Summ/Tloc      0%         N/A       100%        7
 Monstrous Menagerie      Summ           0%         N/A       100%        7
 Orb of Destruction       Conj           0%         9d5       100%        7
 Ozocubu's Refrigeration  Ice            0%         4d7       100%        7
 Spellforged Servitor     Conj/Summ      0%         N/A       100%        7
 Summon Hydra             Summ           0%         N/A       100%        7
 Discord                  Hex            0%         N/A       100%        8
 Disjunction              Tloc           0%         N/A       100%        8
 Ignition                 Fire           0%         3d3       100%        8
 Infestation              Necr           0%         N/A       100%        8
 Lehudib's Crystal Spear  Conj/Erth      0%         10d2      100%        8
 Maxwell's Capacitive Co  Air            0%         ∞         100%        8
 Summon Horrible Things   Summ           0%         N/A       100%        8
 Fire Storm               Conj/Fire      0%         5d1       100%        9
 Animate Armour           Summ/Erth      Unusable   N/A       N/A         4
 Animate Dead             Necr           Unusable   N/A       N/A         4
 Simulacrum               Ice/Necr       Unusable   N/A       N/A         6

Dungeon Overview and Level Annotations

Branches:
Dungeon (15/15)            Temple (1/1) D:6            Lair (5/5) D:10
  Swamp (4/4) Lair:2       Spider (4/4) Lair:3        Slime (0/5) Lair:5
    Orc (2/2) D:9             Elf (0/3) Orc:2        Vaults (5/5) D:13
  Crypt (0/3) Vaults:2     Depths (4/4) D:15            Zot (5/5) Depths:4
  IceCv (visited)         Desolation (visited)

Altars:
Ashenzari
Cheibriados
Dithmenos
Elyvilon
Fedhas
Gozag
Hepliaklqana
Kikubaaqudgha
Makhleb
Nemelex Xobeh
Okawaru
Qazlal
Ru
Sif Muna
Trog
Uskayaw
Vehumet
Wu Jian
Xom
Yredelemnul
Zin
The Shining One
Jiyva

Shops:
D:6 *   D:8 (   D:9 =   D:15 *:=   Orc:2 !:?(   Vaults:4 :   Vaults:5 ?==:*=
Depths:2 :=:

Portals:
Hell: Depths:1 Depths:2 Depths:3 Depths:4
Abyss: Depths:3
Pandemonium: Depths:2
Ziggurat: Depths:2

Annotations:
D:4 exclusion: ogre
D:5 2 transporters, exclusion: 2 doors
D:8 exclusion: acid dragon
D:14 Kirke
Lair:3 Ywuiraum's ghost, journeyman FoFi
Lair:5 1 runed translucent door, exclusion: oklob plant, Mll's ghost, journeyman GrBe
Depths:4 exclusions: draconian stormcaller and 2 more exclusions


Innate Abilities, Weirdness & Mutations

You are a living statue of rough stone.
Your actions are slow, but your melee attacks are powerful.
You are resistant to unholy torment.
Your maximum health is greatly increased.
You cannot wear most types of armour.
You are amphibious.
You can wear up to eight rings at the same time.
You are immune to poison.
Your skin changes colour to match your surroundings (Stealth+).
((Your rubbery body absorbs attacks. (AC +1, EV +1)))
((You are camouflaged when in or above water. (Stealth+)))
You have tentacles for arms and can constrict up to eight enemies at once.


Message History

You block something's attack.
Unknown command.
You batter something!! You tentacle-slap something. You squeeze something!!
Something completely misses you.
You thrash something!!!
Reactivating autopickup.
You feel a bit more experienced.
The shadow demon is distracted by your dazzling golden aura.
You see here 4 gold pieces.
A green death comes into view.
The green death gestures at you. You block the poison arrow.
The green death gestures at you. You block the poison arrow.
The green death gestures at you. The blast of poison misses you.
The green death gestures at you. You block the poison arrow.
The green death gestures at you. The green death gestures at you.
The poison arrow misses you. The green death gestures at you.
The blast of poison misses you.
There is a stone staircase leading up here.
You climb upwards.
There is a stone staircase leading down here.
An Ediunk and a hellwing come into view.
Press: ? - help, v - describe, . - travel
Here: Ediunk The floor.
Ediunk moves out of view.
The hellwing moves out of view.
You see here 8 stones.
A small abomination comes into view.
You block Ediunk's attack.
You thrash Ediunk!!!! You squeeze Ediunk!!
Ediunk is heavily wounded.
You block Ediunk's attack.
You bludgeon Ediunk!
You tentacle-slap Ediunk, but do no damage.
Ediunk is heavily wounded.
You block Ediunk's attack.
An orange demon comes into view.
You thrash Ediunk!!! You squeeze Ediunk.
Ediunk is severely wounded.
You block the small abomination's attack.
Ediunk gestures at you. The bolt of energy misses you.
Unknown command.
You batter Ediunk!! You squeeze Ediunk!
Ediunk is almost dead.
You block the small abomination's attack.
You block Ediunk's attack.
You block the small abomination's attack.
You barely miss Ediunk. You squeeze Ediunk.
Ediunk is almost dead.
Ediunk gestures.
Ediunk seems to speed up.
You block the hellwing's attack. x2
The small abomination completely misses you.
You thrash Ediunk!!!
You kill Ediunk!
You block the small abomination's attack.
You block the hellwing's attack.
The hellwing hits you but does no damage.
You thrash the hellwing!!!
You kill the hellwing!
You block the orange demon's attack.
You block the small abomination's attack.
You closely miss the small abomination. You squeeze the small abomination!!
You destroy the small abomination!
You block the orange demon's attack. The orange demon completely misses you.
You block the orange demon's attack. The orange demon barely misses you.
You barely miss the orange demon. You grab the orange demon.
You tentacle-slap the orange demon, but do no damage.
You squeeze the orange demon!
The orange demon is moderately wounded.
You constrict the orange demon. You block the orange demon's attack. x2
You thrash the orange demon!!!!
You kill the orange demon!
No target in view!
No target in view!
No target in view!
No target in view!
No target in view!
No target in view!
No target in view!
No target in view!
No target in view!
No target in view!
You now have 8945 gold pieces (gained 17).
You now have 8960 gold pieces (gained 15).
You now have 8978 gold pieces (gained 18).
You now have 8982 gold pieces (gained 4).
You see here 8 stones.
You see here 3 stones.
You see here 8 stones.
There is an open gate here.
There is a staircase leading out of the dungeon here.
Unknown command.
Enter note: gg You have escaped!

♣♣..# #.#.###.#[
♣♣...# #.#.†..###
♣....# #.......#.
♣♣....## ######.#..
♣......## #.#..
♣.......#######.#..
♣.8..8..8#.........
♣♣........'.##......
♣..8......'.##.#.##.
♣♣........'.##.#.##.
♣.8..8..8####.#.##.
♣♣......#####.#.###
♣.....##.#...#.###
♣♣...###.#.###....
♣...# #.#.# #####
♣...# #.#.# ♣...#
#.#.#


There were no monsters in sight!

Vanquished Creatures
  A dread lich (Vaults:5)
  Tiamat (Zot:4)
  Mara (Swamp:4)
  A pandemonium lord (D:1)
  Sojobo (Depths:2)
  Bai Suzhen (Depths:2)
  A Killer Klown (Zot:4)
  2 curse toes
  12 golden dragons
  the Enchantress (Depths:2)
  The ghost of Qotsoore the Warrior, an adept DsFi of Okawaru (Vaults:2)
  2 electric golems
  2 Brimstone Fiends
  10 tentacled monstrosities
  16 Orb Guardians
  A lich (Vaults:2)
  4 quicksilver dragons
  A Hell Sentinel (D:7)
  4 titans (Vaults:5)
  A walking frostbound tome (Depths:2)
  A walking divine tome (Depths:2)
  10 acid blobs (Zot:4)
  5 sphinxes
  The ghost of Upitte the Warrior, an adept OgHs of Yredelemnul (Swamp:2)
  An Executioner (D:7)
  5 death cobs
  10 storm dragons
  7 tengu reavers
  A thorn hunter (Swamp:3)
  7 shadow dragons
  Aizul (Spider:4)
  Donald (Swamp:1)
  9 draconian monks
  3 fire giants
  4 iron dragons
  8 draconian knights
  11 emperor scorpions
  2 imperial myrmidons (Desolation)
  23 vault wardens
  2 deep elf sorcerers (Vaults:5)
  A balrug (Depths:2)
  Louise (Swamp:1)
  3 draconian scorchers
  11 frost giants
  9 draconian shifters
  3 cacodemons
  2 ghouls (Swamp:4)
  25 ironbound preservers
  4 draconian annihilators
  6 ghost moths
  8 draconian stormcallers
  4 spriggan defenders (Depths:2)
  A vampire knight (Depths:4)
  A broodmother (Spider:3)
  5 war gargoyles
  6 ironbound thunderhulks
  16 very ugly things
  17 stone giants
  7 green draconians
  3 eleionomae
  3 bunyips
  3 deep elf demonologists
  11 purple draconians
  6 black draconians
  7 red draconians
  23 yellow draconians
  4 white draconians
  2 lorocyprocas
  17 dire elephants
  3 halazid warlocks (Desolation)
  A spark wasp (Spider:3)
  2 deep elf annihilators
  Azrael (D:12)
  A spectral quicksilver dragon (Vaults:2)
  12 ettins
  16 yaktaur captains
  A shambling mangrove (Swamp:3)
  2 green deaths (Swamp:4)
  A crystal guardian (Desolation)
  A merfolk impaler (Depths:4)
  6 fire dragons
  Snorg (D:12)
  4 ragged hierophants (Desolation)
  2 rakshasas
  7 entropy weavers
  8 servants of whispers (Desolation)
  Josephine (D:15)
  3 great orbs of eyes
  6 spriggan air magi
  8 peacekeepers
  A deep elf high priest (Vaults:5)
  3 ogre magi
  11 hydras
  3 jorogumos
  2 radroaches (Spider:2)
  36 vault guards
  A ghost crab (Swamp:2)
  13 ironbound frosthearts
  A spectral tengu (Vaults:2)
  8 alligators
  12 boulder beetles
  13 centaur warriors
  A catoblepas (D:13)
  A spectral frost giant (Vaults:2)
  12 two-headed ogres
  7 ice dragons
  8 death yaks
  2 two-headed ogres (shapeshifter)
  4 tengu warriors
  6 deep troll shamans
  5 demonic crawlers
  4 deep troll earth magi
  A thrashing horror (Swamp:4)
  Sonja (Lair:3)
  A hell hog (Lair:5)
  5 soul eaters
  A spriggan berserker (Depths:4)
  Nergalle (Orc:1)
  6 sun demons
  A sixfirhy (D:8)
  3 skeletal warriors (D:12)
  3 bunyip zombies (Swamp:1)
  4 goliath frogs
  5 pharaoh ants
  4 skysharks
  A sun moth (Spider:2)
  2 flayed ghosts (Depths:2)
  5 iron trolls
  47 deep trolls
  The ghost of heinrich the Cruncher, a novice DjGl (D:7)
  10 orb spiders
  5 glowing orange brains
  4 spriggan druids
  9 swamp dragons
  6 bog bodies
  4 phantasmal warriors
  8 arcanists
  3 harpies (Vaults:3)
  9 steelbarb worms
  5 orc knights
  14 ironbound convokers
  2 spectral wolf spiders (Spider:1)
  An orc sorcerer (Orc:1)
  43 ugly things
  6 oklob plants (Zot:4)
  5 lindwurms (Vaults:2)
  4 necromancers
  A deep elf pyromancer (D:15)
  26 wolf spiders
  A wolf spider (shapeshifter) (Depths:4)
  An alligator zombie (Swamp:1)
  A manticore (shapeshifter) (D:15)
  3 wolf spider zombies (Spider:1)
  4 cyclopes
  2 will-o-the-wisps
  A cyclops (shapeshifter) (Vaults:5)
  Maurice (D:12)
  3 elephants (Lair:5)
  24 moths of wrath
  A manticore (D:11)
  A large abomination (Swamp:4)
  2 guardian serpents
  2 kobold blastminers (Orc:2)
  A rust devil (D:14)
  23 vault sentinels
  An ice statue (IceCv)
  2 water nymphs (shapeshifter) (Vaults:5)
  2 smoke demons
  Maggie (D:7)
  2 torpor snails
  2 gargoyles
  14 black mambas
  A cane toad (shapeshifter) (Depths:2)
  A molten gargoyle (Desolation)
  5 hellions
  3 efreet
  46 yaktaurs
  An unseen horror (D:11)
  6 rime drakes
  19 cane toads
  6 orange demons
  3 freezing wraiths (Vaults:5)
  A kobold demonologist (D:9)
  A tormentor (Depths:3)
  A spectral ogre (Vaults:2)
  8 komodo dragons
  4 tengu conjurers
  2 hydra zombies (Swamp:1)
  An ice devil (D:14)
  A merfolk (shapeshifter) (Vaults:5)
  2 hellwings
  8 trolls
  3 wolf spider simulacra
  27 polar bears
  9 meliai
  18 blink frogs
  44 saltlings (Desolation)
  11 hornets
  6 raiju (Lair:5)
  8 tyrant leeches
  A dream sheep (shapeshifter) (Vaults:5)
  28 tarantellas
  3 glass eyes
  4 dream sheep (Lair:3)
  33 jumping spiders
  A stone giant simulacrum (Vaults:2)
  22 culicivoras
  35 slime creatures
  4 shadows
  7 wraiths
  10 water elementals
  50 yaks
  A ynoxinul (Depths:2)
  A culicivora (shapeshifter) (Vaults:5)
  7 spriggans
  14 wyverns
  A hog (D:14)
  67 redbacks
  5 vampire mosquitoes
  3 basilisks
  3 fire elementals (D:12)
  Grum (D:11)
  A steam dragon (D:7)
  14 swamp worms
  A chaos spawn (D:14)
  7 wargs
  3 acid dragons
  28 water moccasins
  13 hell hounds
  A small abomination (D:1)
  2 swamp drakes
  16 black bears
  A swamp dragon zombie (Swamp:1)
  41 orc warriors
  2 sky beasts
  An ettin simulacrum (Vaults:2)
  6 ogres
  An ogre (shapeshifter) (D:13)
  50 wolves
  27 centaurs
  3 phantoms
  20 bullfrogs
  4 kobold brigands
  A necrophage (Swamp:4)
  7 scorpions
  2 human simulacra (Vaults:2)
  10 wights
  4 killer bees (D:9)
  A swamp dragon simulacrum (Swamp:1)
  4 electric eels
  7 howler monkeys
  31 jellies
  4 hounds
  15 orc priests
  5 iguanas
  12 hell rats
  2 sleepcaps
  20 orc wizards
  Robin (D:2)
  2 adders (D:5)
  A shadow imp (D:7)
  A white imp (D:6)
  2 ufetubi (D:5)
  3 worms
  2 dart slugs
  76 orcs
  3 bats
  16 endoplasms
  5 giant cockroaches
  13 goblins
  7 hobgoblins
  4 jackals
  28 kobolds
  6 ball pythons
  2 frilled lizards (D:2)
  6 rats
2070 creatures vanquished.

Vanquished Creatures (collateral kills)
  A Killer Klown (Zot:5)
  A curse toe (Zot:5)
  An electric golem (Zot:5)
  An Orb Guardian (Zot:5)
  A purple draconian (Zot:4)
  A moth of wrath (Zot:5)
  3 jellies (Zot:4)
9 creatures vanquished.

Vanquished Creatures (others)
  A storm dragon (Zot:5)
  A boulder beetle (D:15)
  An unseen horror (D:12)
  A bloated husk (Swamp:1)
  2 jumping spiders (Spider:1)
  A jelly (Zot:4)
  An orc wizard (D:9)
  An orc (Vaults:5)
  8 foxfires
17 creatures vanquished.

Grand Total: 2096 creatures vanquished

Notes
Turn   | Place    | Note
-------+----------+-------------------------------------------
     0 | D:1      | Flugkiller the Octopode Shapeshifter began the quest for
                  | the Orb.
     0 | D:1      | Reached XP level 1. HP: 13/13 MP: 1/1
   100 | D:1      | Reached XP level 2. HP: 17/19 MP: 2/2
   265 | D:1      | Reached skill level 1 in Stealth
   420 | D:1      | Reached XP level 3. HP: 17/24 MP: 3/3
  1803 | D:3      | You fall into a shaft and drop 3 floors!
  1808 | D:6      | Noticed a phantom
  1823 | D:6      | Killed a phantom
  1824 | D:6      | Reached XP level 4. HP: 30/30 MP: 4/4
  1824 | D:6      | Reached XP level 5. HP: 35/35 MP: 5/5
  1877 | D:6      | Found a staircase to the Ecumenical Temple.
  1880 | D:6      | Noticed a sky beast
  1919 | D:6      | Killed a sky beast
  1936 | D:6      | Reached XP level 6. HP: 26/42 MP: 6/6
  2048 | Temple   | Entered the Ecumenical Temple
  2067 | Temple   | Became a worshipper of Gozag Ym Sagoz the Greedy
  2301 | D:6      | Reached skill level 5 in Unarmed Combat
  2354 | D:5      | Entered Level 5 of the Dungeon
  2675 | D:5      | Reached XP level 7. HP: 46/46 MP: 7/7
  2858 | D:4      | Found a hide-covered altar of Uskayaw.
  3530 | D:2      | Noticed Robin
  3538 | D:2      | Killed Robin
  3719 | D:4      | Reached skill level 5 in Dodging
  3948 | D:4      | Found a burning altar of Makhleb.
  4062 | D:4      | Found a hide-covered altar of Uskayaw.
  4062 | D:4      | Found a broken altar of Ashenzari.
  4062 | D:4      | Found a hazy altar of Hepliaklqana.
  4062 | D:4      | Found a stormy altar of Qazlal.
  4062 | D:4      | Found a glowing silver altar of Zin.
  4062 | D:4      | Found an ancient bone altar of Kikubaaqudgha.
  4382 | D:4      | Reached skill level 1 in Evocations
  4767 | D:5      | Noticed a two-headed ogre
  4770 | D:5      | Found a transporter.
  4774 | D:5      | Found a transporter.
  4775 | D:5      | Noticed a komodo dragon
  4775 | D:5      | Noticed a yak
  4782 | D:5      | Found a glowing silver altar of Zin.
  4782 | D:5      | Found a broken altar of Ashenzari.
  4783 | D:5      | Found a basalt altar of Yredelemnul.
  4825 | D:5      | Found a large runed translucent door.
  4826 | D:5      | Found a large runed translucent door.
  4893 | D:5      | Reached skill level 2 in Evocations
  5061 | D:5      | Reached XP level 8. HP: 27/54 MP: 8/8
  5339 | D:5      | Found a hazy altar of Hepliaklqana.
  5352 | D:5      | Found a sparkling altar of Nemelex Xobeh.
  5358 | D:5      | Reached skill level 5 in Shapeshifting
  5538 | D:6      | Got the Opusculum on Hindering Graupel
  5661 | D:6      | Found Jateum's Lightly-Used Armoury.
  5715 | D:7      | Found a transporter.
  5725 | D:6      | Reached skill level 3 in Evocations
  6040 | D:7      | Noticed a yak
  6041 | D:7      | Noticed heinrich's ghost (novice DjGl)
  6056 | D:7      | Found a transporter.
  6574 | D:7      | Reached XP level 9. HP: 28/58 MP: 9/9
  6857 | D:7      | Noticed a moth of wrath
  6918 | D:7      | Noticed Maggie
  7415 | D:8      | Reached skill level 5 in Fighting
  8493 | D:8      | Found Dija's Weapon Shop.
  8670 | D:9      | Noticed a hornet
  8682 | D:9      | Killed a hornet
  8750 | D:9      | Noticed a two-headed ogre
  8989 | D:9      | Noticed a kobold demonologist
  9211 | D:9      | Killed a kobold demonologist
  9463 | D:9      | Found Ris Cag's Jewellery Boutique.
  9672 | D:9      | Reached XP level 10. HP: 40/66 MP: 10/10
 10254 | D:9      | Bought a +4 ring of protection for 396 gold pieces
 10254 | D:9      | Bought an amulet of regeneration for 330 gold pieces
 10802 | D:9      | Found a staircase to the Orcish Mines.
 11053 | D:9      | Bought a +6 ring of dexterity for 396 gold pieces
 11057 | D:10     | Entered Level 10 of the Dungeon
 11231 | D:10     | Found a snail-covered altar of Cheibriados.
 11346 | D:10     | Found a shimmering blue altar of Sif Muna.
 11346 | D:10     | Found a shimmering altar of Xom.
 11347 | D:10     | Found an ancient bone altar of Kikubaaqudgha.
 11817 | D:10     | Reached skill level 10 in Dodging
 12283 | D:10     | Reached XP level 11. HP: 62/72 MP: 11/11
 12577 | D:10     | Found a staircase to the Lair.
 12909 | D:11     | Noticed a manticore
 12922 | D:11     | Killed a manticore
 12989 | D:11     | Found a frozen archway.
 13019 | IceCv    | Entered an ice cave
 13107 | IceCv    | Noticed a death yak
 13107 | IceCv    | Noticed a death yak
 13134 | IceCv    | Killed a death yak
 13135 | IceCv    | Noticed a death yak
 13182 | IceCv    | Killed a death yak
 13193 | IceCv    | Killed a death yak
 13194 | IceCv    | Reached skill level 10 in Shapeshifting
 13330 | IceCv    | Reached XP level 12. HP: 74/82 MP: 12/12
 13639 | IceCv    | Noticed a death yak
 13639 | IceCv    | Noticed a frost giant
 13711 | IceCv    | Killed a death yak
 14035 | IceCv    | Reached skill level 4 in Evocations
 14096 | IceCv    | Reached skill level 5 in Evocations
 14216 | IceCv    | Identified the ring "Tielan" {rPois Will+ Str-2 Int+6}
 14252 | D:11     | Noticed Grum
 14271 | D:11     | Killed Grum
 14757 | Lair:1   | Entered Level 1 of the Lair of Beasts
 14951 | Lair:1   | Found an iron altar of Okawaru.
 15070 | Lair:1   | Reached XP level 13. HP: 43/88 MP: 13/13
 15226 | Lair:1   | Identified the +0 helmet "Giobabao" {Stlth+}
 17219 | Lair:1   | Found an iron altar of Okawaru.
 17953 | Lair:2   | Found a hide-covered altar of Uskayaw.
 17953 | Lair:2   | Found an ornate altar of the Wu Jian Council.
 18141 | Lair:2   | Found a staircase to the Swamp.
 18450 | Lair:3   | Noticed Sonja
 18521 | Lair:3   | Reached skill level 10 in Fighting
 18521 | Lair:3   | Reached skill level 10 in Unarmed Combat
 18732 | Lair:3   | Killed Sonja
 19019 | Lair:3   | Found a runed translucent gate.
 19019 | Lair:3   | Found a runed translucent gate.
 19019 | Lair:3   | Found a runed translucent gate.
 19023 | Lair:3   | Noticed Ywuiraum's ghost (journeyman FoFi)
 19026 | Lair:3   | Found a viscous altar of Jiyva.
 19228 | Lair:3   | Found a hole to the Spider Nest.
 19754 | Lair:3   | Reached XP level 14. HP: 85/99 MP: 14/14
 21064 | D:9      | Bought a +6 ring of dexterity for 396 gold pieces
 21635 | Lair:5   | Entered Level 5 of the Lair of Beasts
 21764 | Lair:5   | Found a runed translucent door.
 21889 | Lair:5   | Paralysed by a hornet for 3 turns
 22298 | Lair:5   | Reached skill level 15 in Dodging
 22372 | Lair:5   | Found the +1 robe of Vines {NoPotionHeal Regen++++}
 22528 | Lair:5   | Paralysed by a hornet for 3 turns
 22741 | Lair:5   | Found a shimmering altar of Xom.
 22741 | Lair:5   | Noticed Mll's ghost (journeyman GrBe)
 22779 | Lair:5   | Found a staircase to the Slime Pits.
 22811 | Lair:5   | Found a viscous altar of Jiyva.
 22981 | Lair:5   | Reached XP level 15. HP: 87/103 MP: 15/15
 23146 | Lair:5   | Got the Catalogue of the Geologist
 23773 | Orc:1    | Entered Level 1 of the Orcish Mines
 23779 | Orc:1    | Noticed Nergalle
 23915 | Orc:1    | Killed Nergalle
 24283 | Orc:2    | Entered Level 2 of the Orcish Mines
 24443 | Orc:2    | Found a staircase to the Elven Halls.
 24528 | Orc:2    | Reached skill level 6 in Evocations
 25084 | Orc:2    | Found Mesig's Magic Scroll Emporium.
 25084 | Orc:2    | Found Zengagaf's Book Boutique.
 25084 | Orc:2    | Found Karphu Vokku's Distillery.
 25088 | Orc:2    | Found Kaovod's Antique Weapon Shoppe.
 25095 | Orc:2    | Bought a potion of heal wounds for 80 gold pieces
 25095 | Orc:2    | Bought a potion of curing for 48 gold pieces
 25095 | Orc:2    | Bought a potion of might for 64 gold pieces
 25098 | Orc:2    | Bought a scroll of teleportation for 42 gold pieces
 25098 | Orc:2    | Bought a scroll of fog for 56 gold pieces
 25605 | D:12     | Reached skill level 7 in Evocations
 25871 | D:12     | Noticed Snorg
 25876 | D:12     | Noticed Maurice
 25882 | D:12     | Killed Maurice
 25913 | D:12     | Killed Snorg
 25914 | D:12     | Reached skill level 8 in Evocations
 26160 | D:12     | Noticed Azrael
 26193 | D:12     | Killed Azrael
 26194 | D:12     | Reached skill level 15 in Shapeshifting
 27204 | D:13     | Found a gate to the Vaults.
 27218 | D:13     | Reached XP level 16. HP: 79/109 MP: 16/16
 27409 | D:14     | Noticed Kirke
 27818 | D:14     | Found a radiant altar of Vehumet.
 28292 | D:15     | Entered Level 15 of the Dungeon
 28410 | D:15     | Noticed Josephine
 28437 | D:15     | Killed Josephine
 28788 | D:15     | Found a staircase to the Depths.
 29312 | D:15     | Bought a glowing kite shield for 210 gold pieces
 29318 | D:15     | Bought a +6 ring of dexterity for 360 gold pieces
 29318 | D:15     | Bought a +4 ring of protection for 360 gold pieces
 29471 | D:9      | Bought a maw talisman for 330 gold pieces
 29560 | D:7      | Killed heinrich's ghost
 29581 | D:7      | Identified the +0 hat "Seramol" {Contam Dex+7}
 29621 | D:7      | Killed Maggie
 29793 | Swamp:1  | Entered Level 1 of the Swamp
 29833 | Swamp:1  | Noticed Donald
 29882 | Swamp:1  | Reached skill level 1 in Shields
 29907 | Swamp:1  | Killed Donald
 29936 | Swamp:1  | Noticed Louise
 29977 | Swamp:1  | Killed Louise
 30324 | Swamp:1  | Reached skill level 5 in Shields
 30600 | Swamp:2  | Reached XP level 17. HP: 121/121 MP: 17/17
 30955 | Swamp:2  | Found a large runed translucent door.
 30955 | Swamp:2  | Found a large runed translucent door.
 30957 | Swamp:2  | Noticed Upitte's ghost (adept OgHs)
 31032 | Swamp:2  | Killed Upitte's ghost
 31830 | Swamp:4  | Entered Level 4 of the Swamp
 31842 | Swamp:4  | Noticed Mara
 31846 | Swamp:4  | Noticed Flugkiller's illusion
 31878 | Swamp:4  | Killed Mara
 31879 | Swamp:4  | Reached skill level 10 in Shields
 32511 | Swamp:4  | Noticed a tentacled monstrosity
 32541 | Swamp:4  | Killed a tentacled monstrosity
 32738 | Swamp:4  | Got a decaying rune of Zot
 32989 | Spider:1 | Entered Level 1 of the Spider Nest
 33109 | Spider:1 | Reached XP level 18. HP: 127/127 MP: 18/18
 34677 | Spider:2 | Identified the +3 trident "Rengae" {vamp, Will+}
 35903 | Spider:3 | Reached XP level 19. HP: 136/136 MP: 19/19
 36191 | Spider:4 | Entered Level 4 of the Spider Nest
 36377 | Spider:4 | Identified the serpent talisman "Atohoywn" {SInv}
 36377 | Spider:4 | Noticed Aizul
 36411 | Spider:4 | Killed Aizul
 36958 | Spider:4 | Got a gossamer rune of Zot
 37587 | Vaults:1 | Entered Level 1 of the Vaults
 38933 | Vaults:2 | Reached XP level 20. HP: 135/143 MP: 20/20
 39024 | Vaults:2 | Paralysed by something for 5 turns
 39029 | Vaults:2 | HP: 7/143 [deep troll[an ironbound preserver] (2)]
 40000 | Vaults:2 | Identified the +3 battleaxe of Dimylyrucw {antimagic, rElec
                  | rN+}
 40018 | Vaults:2 | Found a staircase to the Crypt.
 40018 | Vaults:2 | Found an ancient bone altar of Kikubaaqudgha.
 40018 | Vaults:2 | Found a basalt altar of Yredelemnul.
 40079 | Vaults:2 | Found a runed translucent gate.
 40079 | Vaults:2 | Found a runed translucent gate.
 40079 | Vaults:2 | Found a runed translucent gate.
 40082 | Vaults:2 | Noticed Qotsoore's ghost (adept DsFi)
 40351 | Vaults:2 | Killed Qotsoore's ghost
 40399 | Vaults:2 | Identified the ring "Befueh" {rElec Str+8 Int+6 Stlth+}
 40433 | Vaults:2 | Identified the +1 chain mail of Brilliance {rC- Dex+2
                  | Stlth+}
 40852 | Vaults:3 | Reached skill level 15 in Fighting
 40852 | Vaults:3 | Reached skill level 15 in Unarmed Combat
 41619 | Vaults:4 | Reached XP level 21. HP: 151/151 MP: 21/21
 41724 | Vaults:4 | Found a crumbling gateway.
 41732 | Desolati | Entered the Desolation of Salt
 41841 | Desolati | Identified the ring of the Rose {Ice Dex+5}
 41861 | Desolati | Identified the +4 trident of Woren {speed, rN++ Str+6
                  | Dex-4}
 41951 | Desolati | Identified the +0 scale mail "Aclamm" {rC++ Dex-2}
 42023 | Desolati | Found the ring of the Mage {Wiz Archmagi}
 42099 | Desolati | Identified the +1 robe of Fanaticism {rN+ Str+3 Int+3}
 42103 | Desolati | Got the Dissertation on the Metallic Mob
 42104 | Desolati | Identified the +1 long sword "Kufen" {flame, Str+3}
 42105 | Desolati | Identified the ring "Ucoohoan" {rF+ Will+ Int+6 Dex+2}
 42291 | Desolati | Identified the ring "Tuuhuss" {EV+5 Int+3}
 42299 | Desolati | Got the Quarto of Conjuration
 42306 | Desolati | Identified the ring "Roce" {Fly rElec rN++ Int-3 Dex+4}
 42957 | Vaults:4 | Paralysed by a sphinx for 2 turns
 43200 | Vaults:4 | Found Laejeuvi's Book Boutique.
 43208 | Vaults:4 | Bought a manual of Unarmed Combat for 1600 gold pieces
 43512 | Vaults:5 | Entered Level 5 of the Vaults
 43512 | Vaults:5 | Noticed a golden dragon
 43585 | Vaults:5 | Noticed a golden dragon
 43604 | Vaults:5 | Reached XP level 22. HP: 161/161 MP: 22/22
 43617 | Vaults:5 | Killed a golden dragon
 43643 | Vaults:5 | Found Diehu's Jewellery Shoppe.
 43841 | Vaults:5 | Noticed a dread lich
 43855 | Vaults:5 | Killed a dread lich
 44114 | Vaults:5 | Found Amumicv Sega's Jewellery Shop.
 44121 | Vaults:5 | Found Ociy's General Store.
 44125 | Vaults:5 | Got a silver rune of Zot
 44126 | Vaults:5 | Found Sewax's Book Shop.
 44130 | Vaults:5 | Bought a scroll of acquirement for 676 gold pieces
 44130 | Vaults:5 | Acquired the ring of the Okapi {rElec rF+ Will+++ Dex-3
                  | Slay+4}
 44143 | Vaults:5 | Found Soakk's Jewellery Shoppe.
 44191 | Vaults:5 | Killed a golden dragon
 44252 | Vaults:5 | Found Ixky's Magic Scroll Shop.
 44372 | Vaults:5 | Reached XP level 23. HP: 172/172 MP: 23/23
 44668 | Vaults:5 | Found Qiacwan's Distillery.
 44798 | Vaults:5 | Bought a potion of haste for 220 gold pieces
 44798 | Vaults:5 | Bought a potion of heal wounds for 110 gold pieces
 44798 | Vaults:5 | Bought a potion of invisibility for 176 gold pieces
 44798 | Vaults:5 | Bought a potion of resistance for 220 gold pieces
 44798 | Vaults:5 | Bought a potion of curing for 66 gold pieces
 44798 | Vaults:5 | Bought a potion of curing for 66 gold pieces
 44798 | Vaults:5 | Bought a potion of ambrosia for 176 gold pieces
 45253 | Depths:1 | Entered Level 1 of the Depths
 45760 | Depths:1 | Found a gateway to Hell.
 46064 | Depths:2 | Noticed Bai Suzhen
 46099 | Depths:2 | Killed Bai Suzhen
 46215 | Depths:2 | Found Weasoe's Book Boutique.
 46215 | Depths:2 | Found Hoteugh's Jewellery Emporium.
 46216 | Depths:2 | Found Ucethoy's Book Boutique.
 46318 | Depths:2 | Noticed Sojobo
 46332 | Depths:2 | Killed Sojobo
 46447 | Depths:2 | Found a one-way gateway to a ziggurat.
 46505 | Depths:2 | Noticed the Enchantress
 46702 | Depths:2 | Found a one-way gate leading to the halls of Pandemonium.
 46754 | Depths:2 | Killed the Enchantress
 46801 | Depths:2 | Got the Incunable of Discontinuous Incandescence
 46916 | Depths:2 | Identified the ring of Jughafab {rElec rCorr AC+4 Str+3
                  | Dex-2}
 47341 | Depths:3 | Found a one-way gate to the infinite horrors of the Abyss.
 47570 | Depths:3 | Noticed a golden dragon
 47581 | Depths:3 | Killed a golden dragon
 47690 | Depths:3 | Acquired a manual of Evocations
 47946 | Depths:4 | Entered Level 4 of the Depths
 48009 | Depths:4 | Reached skill level 9 in Evocations
 48045 | Depths:4 | Reached XP level 24. HP: 183/183 MP: 23/23
 48049 | Depths:4 | Reached skill level 10 in Evocations
 48054 | Depths:4 | Found a gate to the Realm of Zot.
 48121 | Depths:4 | Reached skill level 11 in Evocations
 48297 | Depths:4 | Reached skill level 12 in Evocations
 48637 | Zot:1    | Entered Level 1 of the Realm of Zot
 48669 | Zot:1    | Reached skill level 13 in Evocations
 48669 | Zot:1    | Identified the +10 scimitar of Nuusa {pain, rElec rF- Will+
                  | Int+5}
 48813 | Zot:1    | Reached skill level 14 in Evocations
 48874 | Zot:1    | Reached skill level 15 in Evocations
 49060 | Zot:1    | Reached skill level 16 in Evocations
 49481 | Zot:2    | Noticed a curse toe
 49491 | Zot:2    | Killed a curse toe
 49492 | Zot:2    | Reached skill level 17 in Evocations
 50727 | Zot:3    | Reached skill level 18 in Evocations
 51028 | Zot:3    | Reached skill level 19 in Evocations
 51241 | Zot:4    | Reached XP level 25. HP: 189/189 MP: 23/23
 51265 | Zot:4    | Noticed a Killer Klown
 51275 | Zot:4    | Killed a Killer Klown
 51319 | Zot:4    | Found the +4 dragonskin cloak
 51319 | Zot:4    | Noticed Tiamat
 51658 | Zot:4    | Reached skill level 20 in Evocations
 51750 | Zot:4    | Killed Tiamat
 52211 | Zot:4    | Reached skill level 21 in Evocations
 52622 | Zot:5    | Entered Level 5 of the Realm of Zot
 53002 | Zot:5    | Reached skill level 22 in Evocations
 53111 | Zot:5    | Noticed an ancient lich
 53116 | Zot:5    | Noticed an ancient lich
 53122 | Zot:5    | Noticed a Killer Klown
 53123 | Zot:5    | Noticed an orb of fire
 53125 | Zot:5    | Killed a Killer Klown
 53126 | Zot:5    | Noticed a Killer Klown
 53126 | Zot:5    | Noticed an orb of fire
 53126 | Zot:5    | Noticed a dread lich
 53126 | Zot:5    | Noticed an ancient lich
 53149 | Zot:5    | Noticed an orb of fire
 53156 | Zot:5    | Got the Orb of Zot
 53286 | Zot:1    | Reached skill level 23 in Evocations
 53687 | D:8      | Reached XP level 26. HP: 196/196 MP: 23/23
 53848 | D:1      | Noticed Ediunk the pandemonium lord
 53857 | D:1      | Killed Ediunk the pandemonium lord
 53926 | D:1      | gg
 53927 | D:$      | Escaped with the Orb!

Illustrated notes

♣♣..# #.#.###.#[
♣♣...# #.#.†..###
♣....# #.......#.
♣♣....## ######.#..
♣......## #.#..
♣.......#######.#..
♣.8..8..8#.........
♣♣........'.##......
♣..8......'.##.#.##.
♣♣........'.##.#.##.
♣.8..8..8####.#.##.
♣♣......#####.#.###
♣.....##.#...#.###
♣♣...###.#.###....
♣...# #.#.# #####
♣...# #.#.# ♣...#
#.#.#


Turn 53926 on D:1: gg

Levels and vault maps discovered:
D:1:      kennysheep_arrival_forest, layout_loops_ring, serial_glass,
          glass_columns_b, glass_columns_a, hangedman_decor_points, st_stairs_5
D:2:      layout_basic, dreamdust_princess_corridor, uniq_robin
D:3:      layout_basic, minmay_misc_feat_columns
D:4:      cheibrodos_fertilizer, layout_basic, mainiacjoe_overflow_paths,
          nicolae_uskayaw_dance_hall
D:5:      layout_basic, gammafunk_temple_overflow_arena, jmf_multi_god_temple2
D:6:      layout_rooms, minmay_temple_entry_mini_moons, minmay_shop_damaged
D:7:      layout_cave_pools, gammafunk_ghost_berserking_beasts, uniq_maggie
D:8:      layout_basic, serial_shops, shop
D:9:      layout_irregular_city, erik_orc_2, nicolae_stop_n_shop_2
D:10:     layout_layer_cave, mainiacjoe_overflow_brackets,
          nicolae_overflow_hidden_temple, grunt_lair_entry_orc_guard_hut,
          patterned_corridor
D:11:     layout_cave_pools, portal_ice_cave_rime, uniq_grum
D:12:     layout_basic, uniq_snorg, uniq_maurice, uniq_azrael
D:13:     layout_stronghold, david_vaults_1, kennysheep_generic_room_12
D:14:     layout_roguey, serial_demonic, serial_demonic_e, serial_demonic_a,
          serial_demonic_b, serial_demonic_f, fiery_altar_vehumet, uniq_kirke
D:15:     gammafunk_enter_depths_forms, layout_irregular_city,
          minmay_crystal_water, chequers_serial_rivers_micro_b, uniq_josephine
Temple:   nicolae_temple_bog_church
Lair:1:   layout_layer_cave, basic_altar, cheibrodos_lair_lostbears,
          serial_bayou_shore_a, grunt_megastairs_3
Lair:2:   layout_cave_pods, skrybe_swamp_entry_bodies,
          nicolae_lair_grove_arrangements, nzn_masters_of_martial_movement
Lair:3:   layout_concentric_octagons, spider_nest_entry_rubble,
          gammafunk_ghost_ooze, grunt_megastairs_5, uniq_sonja
Lair:4:   layout_regular_city, serial_rivers, chequers_serial_rivers_micro_b,
          chequers_serial_rivers_small_3, chequers_serial_rivers_micro_e,
          chequers_serial_rivers_small_b, infiniplex_staircase_pool,
          serial_bayou_shore_b
Lair:5:   hangedman_lair_tendril_chambers, layout_misc_corridors,
          hangedman_lair_caniforms_friends, nicolae_slime_entry_field_trip,
          ebering_ghost_xom, hellmonk_guarded_unrand_vines
Swamp:1:  layout_basic_swamp, nicolae_swamp_small_spring, swamp_pool_4,
          nicolae_swamp_necromancer_hut, uniq_donald, uniq_louise
Swamp:2:  layout_falls_marsh, ebering_ghost_disaster_area,
          evilmike_swamp_ruin_house_3, swamp_pool_1_2
Swamp:3:  layout_basic_swamp, evilmike_swamp_ruin_house_2,
          nicolae_swamp_hydra_murder_den
Swamp:4:  swamp_vile, layout_basic_swamp, swamp_pool_1_2, uniq_mara
Spider:1: nicolae_spider_corner, nicolae_spider_undead_wolf_pack
Spider:2: layout_spider_delve
Spider:3: layout_cave_pods, nicolae_spider_eight_legs
Spider:4: grunt_spider_rune_circles, uniq_aizul
Orc:1:    layout_caves, uniq_nergalle
Orc:2:    st_orc_rangers, layout_diamond_mine
Vaults:1: st_cross, hangedman_vaults_river_flow, nicolae_vaults_asterisk,
          nicolae_vaults_yaktaur_gun_rack, vaults_room_grunt_arrival_ludios,
          nicolae_vaults_little_squares_3, v_rooms_5,
          nicolae_vaults_sesquioval_fish, v_misc_24, vaults_mumra_hexcomb,
          vaults_room_ringed_pool, nicolae_vaults_hallways_thing,
          vaults_dpeg_diagonal, hangedman_vaults_corner_blocks,
          layout_vaults_omnicross
Vaults:2: gammafunk_ghost_necromancy, nicolae_vaults_trapezoid_layered,
          kennysheep_ogre_elephant_herders, v_misc_10,
          nicolae_vaults_tetromino_Z_2, nicolae_vaults_theta, v_pattern_3,
          minmay_crypt_entry_necro_gods, grunt_vaults_hallway_short,
          vaults_room_stairs_pillars, grunt_vaults_swirl,
          nicolae_vaults_double_plus_1, layout_vaults_big_room
Vaults:3: hangedman_vaults_impose, vaults_room_fancy_cross,
          nicolae_vaults_shipping_containers_1, v_rooms_2, v_misc_2,
          nicolae_vaults_border_crossing, nicolae_vaults_closet_pinwheel_5,
          v_rooms_1, nicolae_vaults_oval_intersection,
          nicolae_vaults_shelves_hall, nicolae_vaults_alarming,
          nicolae_vaults_little_ls, v_misc_19, layout_vaults_maze
Vaults:4: portal_desolation_entry_garden, st_octagons_1,
          nicolae_vaults_apartment_1, v_misc_2, vaults_room_corners,
          nicolae_vaults_mini_display_case, layout_vaults_omnigrid,
          serial_shops, nicolae_shop_hallway_stairs
Vaults:5
Depths:1: layout_gridlike, serial_sigils, serial_sigils_hangedman_leer,
          serial_sigils_hangedman_writhe, serial_sigils_hangedman_shear,
          serial_sigils_hangedman_snap, serial_sigils_hangedman_shear,
          serial_sigils_hangedman_clutch, hangedman_tar_grid_catacomb,
          drop_trap, minmay_misc_feat_chi
Depths:2: minmay_chopped_fan, layout_basic, enter_ziggurat_f, lightli_too_deep,
          serial_sigils_hangedman_quiver, rand_demon_pan_entry_8, kb_rosetta,
          minmay_shop_grove, infiniplex_staircase_zigzag_3, uniq_sojobo,
          uniq_enchantress, uniq_bai_suzhen
Depths:3: minmay_bubble_buster, layout_cave_pools, grunt_hell_entry_dis_mu,
          hangedman_abyss_entry_splay
Depths:4: evilmike_zot_entry_argh, layout_cave_pools, grunt_decor_resistance,
          hell_entry, lemuel_old_faithful
Zot:1:    layout_misc_corridors, st_single_dragon_hoard_1
Zot:2:    nicolae_zot_stationary_front, layout_cathedral_of_symmetry
Zot:3:    layout_gridlike
Zot:4:    lemuel_acid_trip, layout_onion, lemuel_baited_zot_trap, uniq_tiamat
Zot:5:    layout_cathedral_of_symmetry, skrybe_zot_glass_2

Skill      XL: |  1  2  3  4  5  6  7  8  9 10 11 12 13 14 15 16 17 18 19 20 21 22 23 24 25 |
---------------+----------------------------------------------------------------------------+-----
Fighting       | 2 3 4 5 6 7 8 10 12 14 15 16 18 20 | 20.0
Stealth        | 1 2 4 |  4.0
Unarmed Combat | 4 5 7 8 10 11 13 14 15 16 20 22 | 22.0
Shapeshifting  | 4 7 8 9 10 11 13 14 15 16 17 19 | 19.0
Dodging        | 4 5 8 11 12 13 16 17 18 19 20 | 20.0
Evocations     | 2 3 5 8 9 19 23 | 23.9
Shields        | 5 12 14 | 14.0

Action                     |  1- 3 |  4- 6 |  7- 9 | 10-12 | 13-15 | 16-18 | 19-21 | 22-24 | 25-27 || total
---------------------------+-------+-------+-------+-------+-------+-------+-------+-------+-------++-------
  Melee: Unarmed           |    79 |    40 |   306 |   750 |  1562 |  1705 |  1442 |   942 |   366 ||  7192
         Tentacles         |    13 |    10 |    83 |   227 |   605 |   691 |   595 |   341 |   144 ||  2709
         Constrict         |    17 |     9 |    73 |    86 |   269 |   279 |   220 |   139 |    73 ||  1165
         Punch             |     2 |     1 |    11 |     3 |       |   204 |   252 |   210 |    96 ||   779
         Maw               |       |       |       |       |       |   720 |   551 |       |       ||  1271
  Throw: Dart              |       |     1 |     1 |       |       |       |       |       |       ||     2
 Invoke: Potion Petition   |       |       |       |       |       |     3 |     1 |     1 |       ||     5
         Call Merchant     |       |       |       |       |       |     3 |       |       |       ||     3
         Bribe Branch      |       |       |       |       |       |       |       |       |     3 ||     3
  Evoke: Wand              |       |       |     3 |     1 |     8 |     2 |       |     1 |       ||    15
         Condenser vane    |       |       |       |       |     2 |       |     1 |       |     1 ||     4
         Lightning rod     |       |       |       |       |       |       |       |     1 |       ||     1
         Box of beasts     |       |       |       |       |       |       |       |       |     1 ||     1
    Use: Potion            |     1 |       |     2 |     2 |     1 |       |       |       |     1 ||     7
         Scroll            |       |       |    13 |     5 |    11 |    10 |     7 |     5 |     8 ||    59
   Stab: Sleeping          |     4 |       |    10 |     1 |     3 |    35 |    32 |    26 |     2 ||   113
         Paralysed         |       |       |    11 |       |    15 |     2 |       |       |       ||    28
         Distracted        |       |       |     1 |     5 |    16 |    25 |    33 |    30 |     7 ||   117
         Fleeing           |       |       |       |     1 |       |       |       |       |       ||     1
         Invisible         |       |       |       |       |       |     2 |       |       |       ||     2
         Confused          |       |       |       |       |       |       |     2 |       |     2 ||     4
 Armour: Skin              |    31 |    19 |   146 |   337 |   460 |   247 |   207 |   225 |   140 ||  1812
  Dodge: Dodged            |    52 |    14 |   183 |   618 |  1960 |  1597 |  1226 |  1116 |   327 ||  7093
  Block: Kite shield       |       |       |       |       |       |  1346 |  1931 |  1400 |   453 ||  5130
   Form: Flux              |       |       |     1 |     1 |       |       |       |       |       ||     2
         Beast             |       |       |     1 |       |       |       |       |       |       ||     1
         Maw               |       |       |       |       |       |     1 |       |       |       ||     1
         Statue            |       |       |       |       |       |       |     1 |       |       ||     1

Table legend: (Time is in decaauts)
 A = Elapsed time spent in this place.
 B = Non-inter-level travel time spent in this place.
 C = Inter-level travel time spent in this place.
 D = Time resting spent in this place.
 E = Time spent auto-exploring this place.
 F = Levels seen in this place.
 G = Mean time per level.
                   A        B        C        D        E       F      G
               +--------+--------+--------+--------+--------+-----+--------+
         Total |  59038 |  54428 |   4610 |   5700 |  30573 |  47 | 1256.1 |
       Dungeon |  19228 |  16884 |   2344 |   3431 |   8150 |  15 | 1281.9 |
        Temple |     38 |      2 |     36 |      0 |      0 |   1 |   38.0 |
          Lair |   8949 |   8146 |    803 |    956 |   4473 |   5 | 1789.8 |
         Swamp |   3044 |   2896 |    148 |    141 |   1420 |   4 |  761.0 |
   Spider Nest |   4290 |   4063 |    227 |    250 |   2269 |   4 | 1072.5 |
  Orcish Mines |   1204 |   1145 |     59 |     48 |    573 |   2 |  602.0 |
        Vaults |   8208 |   7673 |    535 |    150 |   5047 |   5 | 1641.6 |
        Depths |   5131 |   4891 |    240 |     82 |   3515 |   4 | 1282.8 |
           Zot |   6745 |   6530 |    215 |    343 |   4371 |   5 | 1349.0 |
      Ice Cave |   1158 |   1158 |      0 |    297 |    203 |   1 | 1158.0 |
    Desolation |   1038 |   1038 |      0 |      0 |    550 |   1 | 1038.0 |
               +--------+--------+--------+--------+--------+-----+--------+

Top non-repeatable levels by time:
     D:9: 2715 daAuts
  Lair:1: 2441 daAuts
Vaults:5: 2123 daAuts
     D:8: 2046 daAuts
   Zot:2: 1993 daAuts
   Zot:4: 1966 daAuts
    D:10: 1886 daAuts
  Lair:5: 1819 daAuts
  Lair:3: 1804 daAuts
Vaults:4: 1767 daAuts
  Lair:2: 1699 daAuts
Depths:2: 1687 daAuts
Vaults:2: 1511 daAuts
Vaults:3: 1409 daAuts
Vaults:1: 1397 daAuts
